 Dungeon Crawl Stone Soup version 0.30-a0-422-g946f4849ff (webtiles) character file.

Game seed: 11066442736278357206

618 McMuffin the Chopper (level 7, -2/61 HPs)
             Began as a Hill Orc Fighter on Dec 8, 2022.
             Slain by Pikel
             ... wielding a +2 whip of freezing
              (4 damage)
             ... on level 5 of the Dungeon.
             The game lasted 00:17:51 (2807 turns).

McMuffin the Chopper (Hill Orc Fighter)             Turns: 2807, Time: 00:17:52

Health: -2/61      AC: 11    Str: 21    XL:     7   Next: 45%
Magic:  7/7        EV: 10    Int:  8    God:
Gold:   86         SH:  5    Dex: 16    Spells: 6/6 levels left

rFire   . . .      SeeInvis .    a - +2 war axe (venom)
rCold   . . .      Faith    .    c - +0 buckler
rNeg    . . .      Spirit   .    g - +3 ring mail "Cuafinyd" {Dex+6}
rPois   .          Reflect  .    n - +0 helmet
rElec   .          Harm     .    e - +0 cloak
rCorr   .          Rampage  .    (no gloves)
Will    .....                    (no boots)
Stlth   +.........               (no amulet)
HPRegen 0.30/turn                (no ring)
MPRegen 0.10/turn                (no ring)

@: mighty
A: no striking features
a: no special abilities


You were on level 5 of the Dungeon.
You visited 1 branch of the dungeon, and saw 5 of its levels.

You collected 86 gold pieces.

Inventory:

Hand Weapons
 a - a +2 war axe of venom (weapon)
 s - a +0 flail
Missiles
 o - 2 poisoned darts
 q - 3 datura-tipped darts (quivered)
Armour
 b - a +0 scale mail
 c - a +0 buckler (worn)
 e - a +0 cloak (worn)
 g - the +3 ring mail "Cuafinyd" (worn) {Dex+6}
   (You found it on level 4 of the Dungeon)

   Dex:       It affects your dexterity (+6).
 h - the +2 robe "Arhih" {Contam rElec Will+}
   (You found it on level 5 of the Dungeon)

   rElec:     It insulates you from electricity.
   Contam:    It causes magical contamination when unequipped.
   Will:      It increases your willpower.
 n - a +0 helmet (worn)
 t - a +0 plate armour
Wands
 u - a wand of paralysis (3)
Scrolls
 k - a scroll of amnesia {unknown}
 l - a scroll of fear {unknown}
Potions
 d - 2 potions of might
 f - a potion of flight
 j - 3 potions of lignification
 p - a potion of haste {unknown}
 r - a potion of ambrosia {unknown}


   Skills:
 + Level 5.0 Fighting
 + Level 7.2 Axes
 + Level 0.7 Throwing
 + Level 5.4 Armour
 + Level 1.2 Dodging
 + Level 4.1 Shields


You had 6 spell levels left.
You didn't know any spells.
Your spell library contained the following spells:

 Spells                   Type           Power      Damage    Failure   Level
 Tukima's Dance           Hex            0%         N/A       95%         3
 Passage of Golubria      Tloc           0%         N/A       100%        4
 Yara's Violent Unravell  Hex/Tmut       0%         3d3       100%        5


Dungeon Overview and Level Annotations

Branches:
Dungeon (5/15)
 Temple: D:4-7

Altars:
Cheibriados

Shops:
D:2 *   D:5 (

Annotations:
D:5 Pikel, Prince Ribbit


Message History

The lemure barely misses you.
Found a scroll of identify.
Found a stone staircase leading down.
Pikel says, "You'll rot in Tartarus!"
Pikel drinks a potion.
Pikel goes berserk!
There is an open door here.
The lemure attacks as you move away! The lemure hits you.
You closely miss the lemure. You closely miss Pikel.
Pikel hits you with a +2 whip of freezing.
Pikel freezes you.
You hit Pikel but do no damage.
Pikel is poisoned.
Pikel hits you with a +2 whip of freezing!
Pikel freezes you. Pikel hits you but does no damage.
You hit Pikel.
Pikel looks as sick as possible!
Pikel is lightly wounded.
Pikel hits you with a +2 whip of freezing!
Pikel freezes you.
* * * LOW HITPOINT WARNING * * *
You feel better. Pikel closely misses you. Pikel completely misses you.
You feel very mighty all of a sudden. Pikel barely misses you.
You hit Pikel.
Pikel looks as sick as possible!
Pikel is moderately wounded.
Pikel closely misses you.
Pikel hits you with a +2 whip of freezing!
* * * LOW HITPOINT WARNING * * *
Pikel freezes you.
* * * LOW HITPOINT WARNING * * *
You closely miss Pikel.
Pikel is moderately wounded.
You block Pikel's attack.
Pikel hits you with a +2 whip of freezing.
* * * LOW HITPOINT WARNING * * *
Pikel freezes you.
* * * LOW HITPOINT WARNING * * *
You slash Pikel!
Pikel looks as sick as possible!
Pikel is heavily wounded.
Pikel barely misses you.
Pikel hits you with a +2 whip of freezing.
You die...

#...# #.# #.#.# #.# ####.#.#
#.###### ##### ##.....#
###'##...####.....
##.....#####................#
##...................#....#
'..........#.........#....#
#..#+#.........###5.......#
#...........##..@K5...##+##
#...........##.###5......#
...............# ##.####...
................ ...? ...
........##..#... ...... ..
........................> .
....##..##..# ####......
........##..# # #......
............#..#.


You could see Pikel (berserk, extremely poisoned) and 3 lemures.

Vanquished Creatures
  A water moccasin (D:5)
  A black bear (D:4)
  A necrophage (D:5)
  3 scorpions
  An iguana (D:5)
  4 gnolls (D:4)
  3 adders
  A shadow imp (D:5)
  3 worms
  3 orcs
  7 ball pythons
  An endoplasm (D:1)
  8 giant cockroaches
  3 goblins
  7 hobgoblins
  7 jackals (D:5)
  4 quokkas
  5 bats
  2 frilled lizards
  8 kobolds
  A rat (D:3)
  2 bushes (D:3)
76 creatures vanquished.

Vanquished Creatures (others)
  4 plants (D:2)
4 creatures vanquished.

Grand Total: 80 creatures vanquished

Notes
Turn   | Place    | Note
-------+----------+-------------------------------------------
     0 | D:1      | McMuffin the Hill Orc Fighter began the quest for the Orb.
     0 | D:1      | Reached XP level 1. HP: 19/19 MP: 1/1
   263 | D:1      | Reached XP level 2. HP: 27/27 MP: 2/2
   559 | D:2      | Reached skill level 3 in Axes
   667 | D:2      | Reached XP level 3. HP: 33/33 MP: 3/3
   820 | D:2      | Found Juva's Assorted Antiques.
  1014 | D:3      | Reached XP level 4. HP: 40/40 MP: 4/4
  1251 | D:3      | Paralysed by a hobgoblin for 3 turns
  1584 | D:4      | Reached skill level 4 in Axes
  1728 | D:4      | Noticed a scorpion
  1743 | D:4      | Killed a scorpion
  1744 | D:4      | Reached skill level 1 in Dodging
  1744 | D:4      | Reached XP level 5. HP: 42/47 MP: 5/5
  1949 | D:4      | Noticed a black bear
  1960 | D:4      | Killed a black bear
  1961 | D:4      | Reached skill level 5 in Axes
  1961 | D:4      | Reached XP level 6. HP: 25/53 MP: 6/6
  2120 | D:4      | Found a snail-covered altar of Cheibriados.
  2154 | D:5      | Entered Level 5 of the Dungeon
  2169 | D:5      | Noticed a water moccasin
  2180 | D:5      | Killed a water moccasin
  2181 | D:5      | Reached skill level 6 in Axes
  2302 | D:5      | Noticed Prince Ribbit
  2319 | D:4      | Identified the +3 ring mail "Cuafinyd" {Dex+6}
  2453 | D:5      | Identified the +2 robe "Arhih" {Contam rElec Will+}
  2492 | D:5      | Found Fogiprel's Weapon Shoppe.
  2634 | D:5      | Reached skill level 5 in Armour
  2634 | D:5      | Reached XP level 7. HP: 60/60 MP: 7/7
  2678 | D:5      | Reached skill level 7 in Axes
  2751 | D:5      | Reached skill level 5 in Fighting
  2790 | D:5      | Noticed Pikel
  2806 | D:5      | HP: 1/61 [Pikel/+2 whip of freezing (3)]
  2807 | D:5      | Slain by Pikel

Illustrated notes

Levels and vault maps discovered:
D:1:      dpeg_arrival_more_subterranean_lakeside_camping, layout_basic,
          chequers_serial_rivers_micro_b, chequers_avenue
D:2:      minmay_wonky_spiral, layout_loops_cross, serial_shops,
          nicolae_shop_overgrown_old_shop
D:3:      layout_basic, serial_park_tiny_1, minmay_misc_feat_tiny,
          minmay_close_crescents
D:4:      layout_basic, cheibrodos_worm_habitat, kennysheep_cross_room
D:5:      layout_basic, serial_shops, nicolae_shop_stone, uniq_prince_ribbit1,
          uniq_pikel

Skill      XL: |  1  2  3  4  5  6  7 |
---------------+----------------------+-----
Axes           | 3 4 5 6 7 |  7.2
Fighting       | 4 5 |  5.0
Armour         | 4 5 |  5.4
Dodging        | 1 |  1.2
Shields        | 4 |  4.1
Throwing       | |  0.7

Action                   |  1- 3 |  4- 6 |  7- 9 || total
-------------------------+-------+-------+-------++-------
Melee: War axe           |    83 |   213 |    26 ||   322
Throw: Stone             |     7 |       |       ||     7
       Dart              |       |     8 |    10 ||    18
  Use: Scroll            |       |     8 |       ||     8
       Potion            |       |     1 |     2 ||     3
Armor: Scale mail        |    34 |    37 |       ||    71
       Plate armour      |       |    33 |       ||    33
       Ring mail         |       |     3 |    11 ||    14
Dodge: Dodged            |    37 |    67 |    16 ||   120
Block: Buckler           |    26 |    29 |     4 ||    59

Table legend: (Time is in decaauts)
 A = Elapsed time spent in this place.
 B = Non-inter-level travel time spent in this place.
 C = Inter-level travel time spent in this place.
 D = Time resting spent in this place.
 E = Time spent auto-exploring this place.
 F = Levels seen in this place.
 G = Mean time per level.
                   A        B        C        D        E       F      G
               +--------+--------+--------+--------+--------+-----+--------+
         Total |   2916 |   2900 |     16 |    321 |      0 |   5 |  583.2 |
       Dungeon |   2916 |   2900 |     16 |    321 |      0 |   5 |  583.2 |
               +--------+--------+--------+--------+--------+-----+--------+

Top non-repeatable levels by time:
     D:3: 784 daAuts
     D:4: 620 daAuts
     D:5: 548 daAuts
     D:2: 494 daAuts
     D:1: 469 daAuts
